 Dungeon Crawl Stone Soup version 0.30.1-4-g462c640d31 (webtiles) character file.

Game seed: 11745026139473594612

1449 safid the Chiller (level 8, -1/64 HPs)
             Began as a Merfolk Ice Elementalist on Sept 18, 2023.
             Slain by a wraith (10 damage)
             ... on level 6 of the Dungeon.
             The game lasted 00:07:25 (6701 turns).

safid the Chiller (Merfolk Ice Elementalist)        Turns: 6701, Time: 00:07:26

Health: -1/64      AC:  6    Str:  8    XL:     8   Next: 75%
Magic:  16/16      EV: 14    Int: 16    God:
Gold:   261        SH:  0    Dex: 15    Spells: 11/18 levels left

rFire   . . .        y - +1 dagger (flame)
rCold   . . .        (no shield)
rNeg    + . .        a - +0 robe
rPois   .            c - +0 helmet
rElec   .            d - +0 cloak
rCorr   .            l - +0 pair of gloves
SInv    .            u - +0 pair of boots
Will    .....        B - amulet of magic regeneration
Stlth   ++           n - ring of positive energy
HPRegen 0.30/turn    t - ring of flight
MPRegen 0.55/turn

%: no passive effects
@: flying, slowed, very slow
A: (nimble swimmer 2), mertail
a: no special abilities


You were on level 6 of the Dungeon.
You visited 1 branch of the dungeon, and saw 6 of its levels.

You collected 261 gold pieces.

Inventory:

Hand Weapons
 y - a +1 dagger of flaming (weapon)
Armour
 a - a +0 robe (worn)
 c - a +0 helmet (worn)
 d - a +0 cloak (worn)
 l - a +0 pair of gloves (worn)
 u - a +0 pair of boots (worn)
Jewellery
 n - a ring of positive energy (left hand)
 t - a ring of flight (right hand)
 B - an amulet of magic regeneration (around neck)
Wands
 v - a wand of flame (24)
 z - a wand of quicksilver (6)
 C - a wand of roots (9)
 G - a wand of mindburst (17)
Scrolls
 f - a scroll of enchant weapon {unknown}
 h - 2 scrolls of teleportation {unknown}
 i - a scroll of fog {unknown}
 m - 2 scrolls of amnesia
 o - a scroll of noise {unknown}
 r - 2 scrolls of poison {unknown}
 s - a scroll of torment {unknown}
 D - a scroll of vulnerability {unknown}
 E - a scroll of blinking {unknown}
Potions
 b - a potion of magic
 e - 2 potions of curing
 g - 4 potions of flight
 j - 2 potions of brilliance
 k - a potion of might {unknown}
 p - 4 potions of mutation
 q - 3 potions of lignification
 w - a potion of haste {unknown}
 x - a potion of ambrosia {unknown}
 A - a potion of heal wounds {unknown}
 F - a potion of berserk rage {unknown}


   Skills:
 + Level 6.1 Fighting
 + Level 5.0 Dodging
 - Level 2.1 Stealth
 + Level 5.6 Spellcasting
 + Level 7.7 Ice Magic


You had 11 spell levels left.
You knew the following spells:

 Your Spells              Type           Power      Damage    Failure   Level
a - Freeze                Ice            100%       1d10      1%          1
b - Frozen Ramparts       Ice            58%        1d9       1%          3
c - Ozocubu's Armour      Ice            29%        N/A       1%          3

Your spell library contained the following spells:

 Spells                   Type           Power      Damage    Failure   Level
 Sandblast                Erth           8%         2d5       14%         1
 Passwall                 Tmut/Erth      3%         N/A       22%         2
 Static Discharge         Conj/Air       8%         2-3/arc   22%         2
 Summon Ice Beast         Ice/Summ       16%        N/A       28%         4
 Stone Arrow              Conj/Erth      8%         3d7       41%         3
 Airstrike                Air            2%         2d(1-17)  82%         4
 Summon Lightning Spire   Summ/Air       4%         N/A       82%         4


Dungeon Overview and Level Annotations

Branches:
Dungeon (6/15)
 Temple: D:4-7

Altars:
Makhleb
Wu Jian


Innate Abilities, Weirdness & Mutations

((You are very nimble when in or above water. (Stealth+, EV+, Speed+++)))
Your lower body shifts to a powerful aquatic tail in water.


Message History

The wraith is almost destroyed.
The wall freezes the wraith but does no damage.
The wraith hits you.
The wall freezes the wraith but does no damage.
The wraith closely misses you.
You hit the wraith but do no damage.
The wraith is almost destroyed.
The wraith completely resists.
The wall freezes the wraith but does no damage.
The wraith misses you.
You hit the wraith but do no damage.
The wraith is almost destroyed.
Your icy armour starts to melt.
The frozen ramparts melt away.
The wraith closely misses you. The wraith hits you!
The wraith drains your vigour!
You feel as though you will be slow longer.
You completely miss the wraith.
The wraith is almost destroyed.
The wraith hits you.
* * * LOW HITPOINT WARNING * * *
You barely miss the wraith.
The wraith is almost destroyed.
The wraith hits you!
* * * LOW HITPOINT WARNING * * *
The wraith misses you.
You barely miss the wraith.
The wraith is almost destroyed.
Your icy armour evaporates.
The wraith closely misses you.
You hit the wraith. You burn the wraith.
The wraith is almost destroyed.
The wraith completely misses you. The wraith hits you.
* * * LOW HITPOINT WARNING * * *
You hit the wraith but do no damage.
The wraith is almost destroyed.
The wraith closely misses you.
You closely miss the wraith.
The wraith is almost destroyed.
The wraith hits you!
You die...

#(.. ### #... ..# #..# ###
#+##### #.# #..####..
#.#...####.# #..##....
#.##...[##.#
#..##....##.##.[[.##.##
#..#...)W#...#'....#..#
#..######@....######..####
#..'...............'......
#..###...........###.#####
#..#.##.........##.#.#
#..#..##.......##).#.#
#..#(..'.......'...#.#
#..#..##.......##..#.#
#..#.##....#....##.#.#
#..#."#..##'##..#..#.#


You could see a wraith.

Vanquished Creatures
  A water moccasin (D:5)
  2 ice beasts (D:5)
  2 black bears
  2 ogres
  A phantom (D:5)
  A bullfrog (D:6)
  A howler monkey (D:5)
  5 hounds
  2 orc priests (D:4)
  A gnoll bouda (D:5)
  A jelly (D:5)
  A sleepcap (D:6)
  5 iguanas
  5 gnolls
  7 adders
  A worm (D:3)
  3 dart slugs (D:3)
  11 orcs
  8 ball pythons
  6 bats
  8 endoplasms
  5 giant cockroaches
  7 hobgoblins
  7 jackals
  5 quokkas
  4 frilled lizards
  8 goblins
  6 kobolds
  5 rats
121 creatures vanquished.

Vanquished Creatures (others)
  An orc wizard (D:4)
1 creature vanquished.

Grand Total: 122 creatures vanquished

Notes
Turn   | Place    | Note
-------+----------+-------------------------------------------
     0 | D:1      | safid the Merfolk Ice Elementalist began the quest for the
                  | Orb.
     0 | D:1      | Reached XP level 1. HP: 13/13 MP: 3/3
   194 | D:1      | Reached XP level 2. HP: 20/20 MP: 3/5
   254 | D:1      | Reached skill level 1 in Fighting
   976 | D:2      | Reached XP level 3. HP: 26/26 MP: 4/6
  1462 | D:2      | Learned a level 3 spell: Frozen Ramparts
  1466 | D:2      | Learned a level 3 spell: Ozocubu's Armour
  2053 | D:3      | Noticed a black bear
  2062 | D:3      | Killed a black bear
  2063 | D:3      | Reached skill level 5 in Ice Magic
  2063 | D:3      | Reached XP level 4. HP: 15/34 MP: 1/8
  2063 | D:3      | Reached XP level 5. HP: 17/39 MP: 1/9
  2729 | D:3      | Found a burning altar of Makhleb.
  3269 | D:3      | Found an ornate altar of the Wu Jian Council.
  3565 | D:4      | Reached XP level 6. HP: 25/47 MP: 5/11
  4102 | D:4      | Reached skill level 6 in Ice Magic
  4497 | D:5      | Entered Level 5 of the Dungeon
  4582 | D:5      | Reached XP level 7. HP: 54/54 MP: 9/13
  4877 | D:5      | Reached skill level 5 in Fighting
  5077 | D:5      | Reached skill level 7 in Ice Magic
  5080 | D:5      | Reached skill level 5 in Spellcasting
  5080 | D:5      | Reached XP level 8. HP: 14/62 MP: 11/15
  5442 | D:5      | Identified the +0 leather armour "Inag" {Dex+4 SInv}
  6656 | D:6      | Noticed a wraith
  6667 | D:6      | Reached skill level 5 in Dodging
  6701 | D:6      | Slain by a wraith

Illustrated notes

Levels and vault maps discovered:
D:1:      roderic_octagonal_star, layout_loops_ring, minmay_pentomino_s4
D:2:      layout_loops_corners, kennysheep_generic_room_9
D:3:      minmay_thinvault, layout_loops_ring, pdpol_wu_jian_five_deadly_venoms,
          lightli_temple_of_fire
D:4:      layout_gridville
D:5:      layout_basic, roderic_lattice_a
D:6:      layout_basic, minmay_pentangle

Skill      XL: |  1  2  3  4  5  6  7  8 |
---------------+-------------------------+-----
Fighting       | 1 2 3 4 5 6 |  6.1
Spellcasting   | 3 4 5 |  5.6
Ice Magic      | 5 6 7 |  7.7
Dodging        | 3 5 |  5.0
Stealth        | |  2.1

Action                     |  1- 3 |  4- 6 |  7- 9 || total
---------------------------+-------+-------+-------++-------
  Melee: Club              |    42 |       |       ||    42
         Punch             |     2 |       |     3 ||     5
         Unarmed           |     1 |       |       ||     1
         Mace              |    72 |    86 |       ||   158
         Dagger            |       |    47 |   164 ||   211
   Cast: Freeze            |    22 |    23 |     3 ||    48
         Frozen Ramparts   |     1 |     5 |    20 ||    26
         Ozocubu's Armour  |     1 |     2 |    14 ||    17
    Use: Scroll            |       |       |     8 ||     8
   Stab: Sleeping          |     3 |     2 |     1 ||     6
 Armour: Robe              |    33 |    64 |    46 ||   143
  Dodge: Dodged            |    95 |    78 |   112 ||   285
  Block: Other             |    16 |    30 |    10 ||    56
